Map: [ESL] Data-C

Players

HeroMarine

  • Race: Terran Terran
  • Spawn Location: 3:00

Solar - Winner!

  • Race: Zerg Zerg
  • League: Master
  • Spawn Location: 9:00

VOD

Have the link to the VOD?

Description

Time

  • Played on: Nov. 3, 2022, 11:16 a.m.
  • Length: 16:08
Show
View Real Time Build Order
Export as new Build Order

HeroMarine Terran 

Build Orders: Command Center First (CC) 

Get SALT Encoding   

  12  0:00  SCV  
  13  0:12  SCV  
  14  0:17  Supply Depot  
  14  0:24  SCV  
  15  0:38  SCV  
  16  0:50  SCV  
  17  0:59  Command Center  
  17  1:03  SCV  
  18  1:13  Barracks  
  18  1:16  SCV  
  19  1:22  Refinery  
  19  1:28  SCV  
  19  1:31  Refinery  
  20  1:40  SCV  
  21  2:00  Reaper, Orbital Command  
  22  2:11  Orbital Command  
  22  2:21  Factory  
  22  2:25  SCV  
  23  2:32  Barracks Reactor  
  23  2:37  SCV  
  23  2:38  SCV  
  25  2:49  SCV, Barracks  
  25  2:50  SCV, Barracks  
  27  3:01  SCV  
  27  3:02  SCV  
  27  3:04  Supply Depot  
  29  3:09  Starport  
  29  3:12  Hellion  
  31  3:13  Hellion  
  31  3:16  Barracks Tech Lab  
  31  3:17  SCV  
  34  3:20  SCV  
  35  3:29  SCV  
  35  3:31  Supply Depot  
  35  3:32  SCV  
  35  3:33  Marine  
  40  3:38  Stimpack  
  38  3:46  Viking  
  38  3:47  Barracks Reactor x2, SCV  
  41  3:50  SCV  
  41  3:55  Hellion  
  44  3:57  Hellion  
  44  3:59  SCV  
  44  4:02  SCV  
  48  4:03  Supply Depot  
  48  4:08  Marine  
  49  4:12  SCV  
  49  4:14  SCV  
  51  4:20  Supply Depot  
  51  4:24  SCV  
  52  4:25  Marine x5  
  52  4:26  SCV  
  52  4:28  Medivac x2  
  62  4:32  Factory Reactor  
  62  4:38  Supply Depot  
  62  4:42  Marine  
  62  4:43  Marine x4  
  67  5:00  Marine x2  
  67  5:01  Marine x3  
  67  5:04  Command Center  
  72  5:10  Widow Mine x2  
  78  5:19  Supply Depot x2, Marine x2  
  78  5:21  Refinery  
  78  5:22  Refinery  
  78  5:37  Engineering Bay  
  78  5:38  Engineering Bay  
  78  5:40  Medivac x2, Marine x5  
  78  5:41  SCV x2  
  89  5:53  SCV x2  
  89  5:55  Widow Mine  
  93  5:58  Marine x3  
  93  6:03  Marine x2  
  94  6:06  Widow Mine  
  94  6:08  SCV x2  
  94  6:09  Terran Infantry Armor Level 1, Terran Infantry Weapons Level 1  
  91  6:16  Marine x3  
  91  6:17  Combat Shield  
  94  6:20  Orbital Command  
  94  6:21  SCV, Marine x2  
  94  6:22  SCV  
  98  6:28  Barracks  
  98  6:30  Barracks  
  98  6:33  Medivac  
  98  6:34  Marine x2  
  98  6:35  Medivac  
  98  6:37  SCV  
  98  6:38  Marine  
  106  6:46  Marine x2  
  104  6:48  Orbital Command  
  102  6:56  SCV x2  
  102  6:57  Marine x3  
  102  6:59  Armory  
  105  7:03  Widow Mine x2  
  109  7:14  SCV, Medivac x2, Marine x2  
  109  7:15  Supply Depot, SCV  
  117  7:16  Supply Depot  
  117  7:17  Supply Depot, Barracks Reactor x2  
  117  7:29  Supply Depot  
  117  7:31  Supply Depot  
  117  7:37  SCV x3, Marine x5  
  125  7:46  Widow Mine x2  
  124  7:54  Marine x8  
  116  7:59  Orbital Command  
  116  8:01  Marine  
  113  8:11  Marine  
  110  8:14  SCV x2, Marine x2  
  110  8:17  Marine x2  
  110  8:18  Marine x3  
  118  8:24  Terran Infantry Armor Level 2, Terran Infantry Weapons Level 2  
  118  8:25  Marine  
  118  8:26  SCV x2, Medivac x2, Widow Mine x2  
  124  8:29  SCV, Marine  
  124  8:32  Marine  
  124  8:33  Marine  
  127  8:35  Marine  
  127  8:37  Marine  
  127  8:38  SCV x2, Marine x2  
  127  8:39  Marine  
  133  8:42  SCV  
  133  8:43  Marine  
  133  8:47  Marine  
  136  8:50  SCV, Marine  
  131  8:56  Marine x2  
  131  8:58  Marine x3  
  131  9:01  Widow Mine x2  
  131  9:02  Medivac  
  141  9:06  Medivac  
  141  9:09  Marine x2  
  144  9:16  Marine x3  
  148  9:20  Marine  
  149  9:26  Supply Depot  
  149  9:30  Marine  
  149  9:37  Barracks  
  149  9:38  Barracks, Marine x4  
  149  9:39  Widow Mine x2  
  149  9:41  Marine  
  149  9:42  Barracks  
  147  9:50  Medivac x2  
  147  9:51  Marine x3  
  134  9:53  Marine  
  134  9:56  Marine x2  
  134  9:58  Marine x2  
  139  10:00  Widow Mine x2  
  139  10:03  SCV  
  139  10:04  SCV x2  
  139  10:06  Marine  
  136  10:09  Marine  
  136  10:15  Marine x2  
  136  10:16  SCV x3  
  141  10:28  SCV  
  142  10:35  Barracks Tech Lab x2, Marauder  
  144  10:36  Medivac x2, Barracks Tech Lab, Widow Mine x2  
  144  10:42  Marine x2  
  154  10:46  Terran Infantry Weapons Level 3, Terran Infantry Armor Level 3  
  130  11:06  Liberator x2  
  130  11:07  Widow Mine  
  130  11:08  Widow Mine, Marauder x4, Marine x4  
  130  11:09  Marine x2  
  130  11:10  Concussive Shells  
  153  11:12  Marine  
  153  11:13  Marine  
  149  11:26  Marine x4  
  149  11:27  Marine  
  149  11:29  Widow Mine x2, Marauder x2  
  164  11:33  Marauder, Marine  
  164  11:36  Supply Depot  
  164  11:37  Marine x2  
  164  11:38  Marauder  
  169  11:41  Supply Depot  
  169  11:42  Supply Depot  
  169  11:45  SCV  
  169  11:46  SCV x2  
  164  11:51  Marauder  
  166  11:58  SCV x3  
  166  12:01  Liberator  
  169  12:07  Liberator  
  175  12:10  Marauder  
  170  12:15  SCV x2  
  170  12:16  SCV  
  170  12:20  Marauder  
  170  12:21  Marauder  
  176  12:27  SCV  
  174  12:30  Marauder, Marine x2  
  174  12:36  Marine x2  
  143  12:41  Marauder  
  142  12:48  Marauder  
  142  12:49  Marine x2  
  142  12:50  Marine  
  127  12:51  Liberator  
  127  12:56  Liberator  
  133  12:58  Marine  
  133  12:59  Marine  
  133  13:01  Marine  
  133  13:04  Marine  
  137  13:10  Marauder  
  137  13:11  Marine  
  137  13:12  Orbital Command  
  135  13:20  Marauder  
  135  13:21  Marauder, Marine  
  140  13:28  Marauder  
  140  13:30  Marine x2  
  140  13:32  Marine  
  145  13:36  Marine x2  
  149  13:41  Marauder  
  149  13:47  Marauder  
  147  13:48  Marine  
  147  13:49  Marine x2  
  147  13:52  Medivac  
  147  13:53  Marauder  
  147  13:54  Widow Mine  
  147  13:55  Medivac  
  158  13:58  Marauder  
  160  14:06  SCV x3  
  160  14:07  Marauder  
  160  14:08  Marauder, Marine x4  
  161  14:11  Marine x2  
  161  14:15  Marauder, Marine  
  160  14:18  SCV x2  
  160  14:19  SCV  
  160  14:20  Marauder  
  160  14:21  Marine  
  160  14:27  Marine x2  
  160  14:28  Marine x2  
  160  14:29  Marauder x2, Marine  
  173  14:31  Widow Mine x2  
  173  14:34  Marine x2  
  173  14:36  Marauder  
  177  14:39  Marine  
  171  14:51  Marauder  
  147  14:54  Marauder, Marine  
  147  14:58  Marauder x2  
  147  14:59  Marine  
  144  15:00  Marine x3  
  144  15:01  Widow Mine x2, Marine x2  
  144  15:03  Marine  
  151  15:08  Refinery x2  
  151  15:12  Marauder, Marine  
  154  15:15  Marauder  
  154  15:17  Marine x3  
  159  15:24  Marine x3  
  159  15:25  Widow Mine x2  
  159  15:26  Marine x3  
  169  15:30  Marine  
  169  15:33  Marine  
  169  15:35  Marine  
  172  15:39  Marine x3  
  172  15:42  Marine x3  
  178  15:45  Marauder x2  
  178  15:46  Widow Mine, Marine  
  178  15:48  Refinery x2, Marine  
Show
View Real Time Build Order
Export as new Build Order

Solar Zerg - Winner!

Build Orders: Hatch First 

Get SALT Encoding   

  12  0:00  Drone  
  13  0:12  Overlord  
  13  0:17  Drone  
  14  0:31  Drone x2  
  16  0:49  Hatchery  
  15  0:52  Drone  
  15  0:54  Drone  
  17  0:58  Drone  
  18  1:09  Extractor  
  17  1:14  Spawning Pool  
  17  1:16  Drone  
  17  1:20  Drone  
  18  1:28  Drone  
  19  1:40  Drone  
  20  1:51  Drone  
  21  2:01  Queen x2  
  21  2:03  Drone x2  
  27  2:12  Overlord  
  27  2:14  Drone  
  28  2:22  Hatchery  
  27  2:24  Drone  
  28  2:31  Drone  
  28  2:33  Drone  
  28  2:36  Queen  
  30  2:41  Overlord  
  32  2:45  Metabolic Boost  
  32  2:49  Drone x2  
  34  2:57  Drone x2  
  36  3:05  Drone x2  
  38  3:08  Drone x2  
  38  3:09  Drone  
  38  3:10  Queen  
  43  3:17  Queen  
  43  3:18  Extractor  
  45  3:20  Overlord  
  45  3:23  Overlord  
  45  3:34  Queen  
  45  3:36  Drone x3  
  50  3:42  Zergling x6  
  50  3:44  Drone x2  
  50  3:46  Drone x3  
  58  3:51  Queen  
  58  3:53  Drone  
  61  3:57  Overlord  
  61  4:00  Drone x2  
  63  4:06  Zergling x2  
  63  4:08  Drone x2  
  66  4:13  Overlord  
  66  4:15  Queen  
  69  4:17  Drone x2  
  69  4:18  Drone  
  69  4:21  Overlord  
  69  4:23  Zergling x6  
  74  4:26  Overlord  
  74  4:31  Overlord  
  74  4:33  Spore Crawler  
  74  4:36  Drone  
  74  4:37  Spore Crawler  
  73  4:38  Queen  
  73  4:41  Drone x3, Extractor  
  73  4:42  Drone, Evolution Chamber  
  73  4:43  Drone, Evolution Chamber  
  77  4:46  Drone x2  
  77  4:48  Drone x2  
  77  4:51  Drone  
  82  4:53  Drone  
  82  4:55  Overlord  
  83  5:03  Drone  
  83  5:04  Drone x3  
  87  5:09  Extractor x2  
  87  5:11  Zerg Ground Armor Level 1  
  87  5:13  Drone, Zerg Melee Weapons Level 1  
  85  5:14  Drone  
  85  5:15  Extractor  
  85  5:16  Drone, Hatchery  
  85  5:22  Drone  
  85  5:24  Zergling x8  
  85  5:26  Overlord  
  90  5:31  Drone x3  
  90  5:35  Zergling x4  
  95  5:36  Queen  
  95  5:42  Baneling Nest  
  96  5:45  Zergling x12  
  96  5:49  Overlord  
  102  5:52  Overlord  
  102  5:54  Lair  
  93  5:59  Drone x2  
  93  6:00  Drone x2  
  94  6:06  Drone x2  
  94  6:09  Drone  
  97  6:14  Drone  
  97  6:15  Drone, Extractor  
  98  6:21  Zergling x6  
  98  6:23  Drone  
  102  6:26  Zergling x6  
  102  6:27  Baneling x7  
  102  6:28  Baneling  
  102  6:32  Zergling x6  
  107  6:34  Overlord  
  107  6:42  Drone x5  
  107  6:45  Drone x2  
  107  6:46  Drone x2  
  114  6:47  Drone  
  114  6:49  Drone  
  109  6:54  Zergling x2  
  109  6:55  Zergling x6  
  109  6:57  Baneling x2  
  109  7:01  Zergling x6  
  114  7:04  Overseer, Centrifugal Hooks  
  114  7:07  Zergling x4  
  116  7:10  Zergling x2  
  116  7:11  Baneling x2  
  116  7:14  Overlord  
  118  7:15  Zergling x2  
  118  7:16  Zerg Ground Armor Level 2  
  118  7:19  Zergling x4  
  118  7:21  Overlord  
  120  7:23  Zergling x2  
  120  7:24  Zergling x6  
  120  7:25  Zerg Melee Weapons Level 2  
  120  7:29  Baneling x2  
  124  7:31  Zergling x8  
  124  7:33  Baneling x3  
  124  7:36  Zergling x10  
  133  7:38  Overlord  
  133  7:41  Baneling x3, Drone  
  134  7:45  Drone  
  134  7:46  Zergling x4  
  134  7:47  Zergling x4  
  134  7:49  Overlord  
  134  7:50  Overlord  
  134  7:51  Overlord  
  138  7:52  Overlord  
  138  7:53  Overlord  
  129  7:58  Drone x5  
  129  8:02  Zergling x2  
  129  8:03  Zergling x2  
  133  8:11  Zergling x10  
  114  8:19  Zergling x18, Hydralisk Den  
  115  8:24  Spore Crawler, Drone  
  115  8:26  Drone x2  
  116  8:29  Drone  
  116  8:30  Baneling x3  
  116  8:31  Baneling x2  
  116  8:32  Zergling x8  
  121  8:37  Zergling x2  
  122  8:44  Zergling x6  
  122  8:46  Extractor  
  122  8:48  Pneumatized Carapace  
  122  8:50  Zergling x2  
  122  8:53  Hatchery  
  108  8:57  Zergling x8  
  108  8:58  Drone x2  
  112  9:05  Zergling x8  
  112  9:07  Drone  
  112  9:08  Drone x2  
  112  9:09  Drone  
  113  9:12  Drone  
  113  9:14  Hydralisk x4  
  113  9:16  Drone  
  117  9:20  Drone  
  117  9:22  Baneling  
  117  9:23  Baneling x3  
  117  9:27  Zergling x8  
  120  9:33  Hydralisk x3  
  120  9:37  Zergling x10  
  130  9:41  Drone  
  128  9:46  Overlord  
  128  9:48  Zergling x8  
  128  9:51  Baneling x9  
  124  9:54  Muscular Augments  
  124  9:55  Zergling x2  
  124  9:56  Zergling x2  
  124  9:57  Overlord  
  124  10:01  Overlord  
  124  10:05  Hydralisk x2  
  116  10:11  Zergling x6  
  116  10:13  Zergling x4  
  117  10:19  Zergling x10  
  122  10:23  Hydralisk x3  
  128  10:29  Baneling x12  
  128  10:30  Zergling x8  
  128  10:33  Baneling x8  
  128  10:35  Drone  
  133  10:40  Drone  
  133  10:41  Zergling x10  
  138  10:44  Hydralisk  
  140  10:50  Overseer, Zerg Missile Weapons Level 1  
  140  10:56  Zergling x16  
  135  11:00  Zergling x6  
  134  11:05  Drone  
  134  11:07  Zergling x6  
  137  11:13  Infestation Pit, Drone x3  
  137  11:14  Zergling x4  
  137  11:15  Zergling x2  
  137  11:17  Baneling x11  
  140  11:20  Zergling x2  
  140  11:21  Zergling x6  
  140  11:24  Baneling x5  
  143  11:28  Zergling x8  
  143  11:31  Overlord  
  146  11:36  Hatchery  
  145  11:42  Zergling x12  
  145  11:44  Zergling x2  
  145  11:45  Zergling x2  
  145  11:46  Zergling x2  
  152  11:52  Baneling x3  
  152  11:53  Zergling x12  
  158  11:58  Hive  
  158  12:01  Drone x2  
  159  12:03  Baneling x2  
  159  12:04  Baneling x5  
  159  12:06  Zergling x4  
  159  12:08  Zergling x4  
  163  12:10  Zergling x4  
  163  12:12  Zergling x2  
  164  12:16  Zergling x8  
  164  12:17  Zergling x2  
  164  12:20  Hydralisk  
  170  12:26  Baneling x8  
  170  12:27  Baneling x5  
  170  12:29  Zergling x4  
  156  12:35  Grooved Spines  
  156  12:36  Hydralisk x2  
  138  12:39  Zergling x8  
  138  12:43  Zergling x8  
  136  12:45  Zergling x4  
  136  12:49  Zergling x2  
  136  12:50  Zergling x4  
  133  12:52  Zergling x6  
  133  12:57  Baneling x8  
  136  13:00  Zergling x4  
  136  13:04  Baneling x2  
  138  13:06  Zergling x2  
  138  13:07  Zergling x8  
  138  13:11  Zergling x8  
  138  13:12  Viper  
  145  13:18  Viper  
  148  13:22  Adrenal Glands  
  148  13:26  Zergling x16  
  155  13:29  Baneling x4  
  155  13:32  Zergling x10  
  160  13:35  Baneling x2  
  160  13:39  Zergling x12  
  166  13:45  Zergling x10  
  159  13:48  Zergling x8  
  159  13:53  Lurker Den  
  159  13:54  Zergling x6, Extractor  
  163  14:01  Zergling x12  
  163  14:02  Zergling x2  
  166  14:06  Zergling x6  
  166  14:08  Zergling x4  
  164  14:15  Zergling x8  
  166  14:19  Zergling x6  
  166  14:20  Zergling x2  
  166  14:23  Drone x2  
  167  14:24  Drone  
  167  14:25  Baneling x3  
  167  14:28  Hydralisk  
  169  14:33  Hydralisk x2  
  169  14:36  Hydralisk x2  
  165  14:46  Zergling x18  
  165  14:50  Hydralisk x2  
  165  14:51  Zergling x2  
  154  14:55  Zergling x2  
  154  14:56  Zergling x6  
  154  14:58  Zergling x4  
  159  15:03  Seismic Spines  
  158  15:11  Lurker x6  
  158  15:12  Lurker x2  
  167  15:14  Drone  
  167  15:15  Hydralisk x2  
  167  15:17  Baneling x5  
  167  15:20  Zergling x6  
  174  15:23  Overlord  
  174  15:26  Zergling x8  
  178  15:31  Hydralisk x2  
  181  15:36  Baneling x3  
  181  15:37  Baneling  
  181  15:38  Zergling x4  
  180  15:45  Hatchery  
  180  15:48  Drone x3  
  182  15:50  Drone  
  182  15:51  Drone x2  
Tags
 
Add a new tag
Caveats
  • Supply blocks, unpowered buildings, or Contaminate may cause inaccurate times.
  • Supply counts are checked every 10 seconds.